 Dungeon Crawl Stone Soup version 0.15.2 (webtiles) character file.

483 Huymann the Ruinous (level 6, 0/33 HPs)
             Began as a Deep Elf Conjurer on Feb 26, 2015.
             Was an Initiate of Vehumet.
             Slain by a mummy (15 damage)
             ... in an ossuary.
             The game lasted 00:24:32 (3754 turns).

Huymann the Ruinous (Deep Elf Conjurer)             Turns: 3754, Time: 00:24:32

HP   0/33        AC  7     Str  6      XL: 6   Next: 88%
MP   2/21        EV 19     Int 21      God: Vehumet [......]
Gold 220         SH  4     Dex 20      Spells:  3 memorised,  7 levels left

rFire  . . .     SeeInvis .     f - +0 dagger
rCold  . . .     Clarity  .     a - +1 robe
rNeg   . . .     rCorr    .     s - +0 buckler
rPois  .         rRot     .     r - +2 helmet
rElec  .         Spirit   .     (no cloak)
SustAb .         Warding  .     u - +0 pair of gloves
rMut   .         Stasis   .     (no boots)
Gourm  .                        (no amulet)
MR     .....                    (no ring)
                                (no ring)

@: agile, very slightly contaminated, not resistant to hostile enchantments,
stealthy
A: no striking features
a: Renounce Religion


You were in an ossuary.
You worshipped Vehumet.
Vehumet was noncommittal.
You were not hungry.

You visited 2 branches of the dungeon, and saw 6 of its levels.
You also visited: Ossuary.

You collected 220 gold pieces.

Inventory:

Hand weapons
 f - a +0 dagger (weapon)
 h - a -2 dagger
 w - a +0 blowgun
Missiles
 d - 23 poisoned needles
 t - 6 javelins (quivered)
Armour
 a - a +1 robe (worn)
 r - a +2 helmet (worn)
 s - a +0 buckler (worn)
 u - a +0 pair of gloves (worn)
Comestibles
 b - 3 bread rations
 k - 2 slices of pizza
 l - 4 meat rations
Scrolls
 g - 2 scrolls of fear
 n - a scroll of fog
 o - 3 scrolls of remove curse
 y - 2 scrolls of teleportation
 B - a scroll of recharging {unknown}
Jewellery
 q - an uncursed ring of protection from cold {unknown}
 z - an uncursed ring of wizardry {unknown}
Potions
 e - 4 potions of poison {unknown}
 i - a potion of heal wounds {unknown}
 j - a potion of might
 m - a potion of curing {unknown}
 p - 5 potions of agility
 v - 2 potions of confusion {unknown}
 x - a potion of brilliance {unknown}
 A - a potion of mutation {unknown}
 D - a potion of magic {unknown}
 E - 4 potions of haste {unknown}
 F - 2 potions of resistance {unknown}
Books
 c - a book of Conjurations

   Spells                             Type                      Level
   *Magic Dart                        Conjuration                  1
   Searing Ray                        Conjuration                  2
   *Dazzling Spray                    Conjuration/Hexes            3
   *Fulminant Prism                   Conjuration/Hexes            4
   Iskenderun's Mystic Blast          Conjuration                  4
   Iskenderun's Battlesphere          Conjuration/Charms           5


   Skills:
 + Level 0.7 Fighting
 + Level 0.2 Short Blades
 * Level 4.2 Dodging
 * Level 5.0 Stealth
 * Level 0.5 Shields
 * Level 5.4 Spellcasting
 + Level 5.4 Conjurations
 * Level 3.1 Hexes


You had 7 spell levels left.
You knew the following spells:

 Your Spells              Type           Power        Failure   Level  Hunger
a - Magic Dart            Conj           ####         1%          1    None
b - Dazzling Spray        Conj/Hex       ###.....     8%          3    ##.....
c - Fulminant Prism       Conj/Hex       ###.......   21%         4    ####...


Dungeon Overview and Level Annotations

Branches:
Dungeon (5/15)             Temple (1/1) D:5

Altars:
Ashenzari
Cheibriados
Dithmenos
Kikubaaqudgha
Makhleb
Nemelex Xobeh
Sif Muna
Vehumet
Zin


Message History

Vehumet is noncommittal.
Drink which item? (? for menu, Esc to quit)
You feel agile all of a sudden.
You hit the mummy.
The mummy is heavily damaged.
You block the mummy's attack.
You hit the mummy but do no damage.
The mummy is heavily damaged.
You hit the mummy but do no damage.
The mummy is heavily damaged.
The mummy hits you but does no damage.
You closely miss the mummy.
The mummy is heavily damaged.
You block the mummy's attack.
You hit the mummy.
The mummy is severely damaged.
You hit the mummy but do no damage.
The mummy is severely damaged.
The mummy hits you!
You die...

##### ##...##
##.....##
#...@...#
#...M...#
#...∩...#
##.....##
##...## #...#
#...#
#.M........Z#
##.........##


You could see a mummy.

Vanquished Creatures
  An ogre (D:4)
  2 centaur zombies (Ossuary)
  An iguana (D:4)
  4 worker ants
  7 adders
  4 gnolls (D:2)
  2 worms (D:2)
  An adder skeleton (D:4)
  7 orcs
  6 giant cockroaches
  A gnoll zombie (Ossuary)
  16 goblins
  11 hobgoblins
  7 kobolds
  A quokka (D:2)
  7 bats
  3 giant geckos
  2 giant newts
  A goblin skeleton (D:4)
  A kobold skeleton (D:4)
  2 orc skeletons
  12 rats
99 creatures vanquished.

Notes
Turn   | Place    | Note
--------------------------------------------------------------
     0 | D:1      | Huymann, the Deep Elf Conjurer, began the quest for the Orb.
     0 | D:1      | Reached XP level 1. HP: 10/10 MP: 5/5
   219 | D:1      | Reached XP level 2. HP: 15/15 MP: 3/8
   673 | D:2      | Found a glowing silver altar of Zin.
   741 | D:2      | Reached XP level 3. HP: 19/19 MP: 6/11
  1104 | D:2      | Reached skill level 5 in Conjurations
  1109 | D:2      | Learned a level 3 spell: Dazzling Spray
  1350 | D:2      | Reached XP level 4. HP: 24/24 MP: 11/15
  1459 | D:2      | Reached skill level 1 in Hexes
  1761 | D:3      | Found a sparkling altar of Nemelex Xobeh.
  1939 | D:3      | Reached XP level 5. HP: 28/28 MP: 16/18
  2480 | D:4      | Reached skill level 5 in Spellcasting
  2638 | D:4      | Found a shattered altar of Ashenzari.
  2845 | D:4      | Reached XP level 6. HP: 33/33 MP: 15/21
  3107 | D:4      | Learned a level 4 spell: Fulminant Prism
  3160 | D:4      | Noticed an ogre
  3205 | D:4      | Killed an ogre
  3328 | D:5      | Entered Level 5 of the Dungeon
  3446 | D:5      | Found a staircase to the Ecumenical Temple.
  3451 | Temple   | Entered the Ecumenical Temple
  3466 | Temple   | Became a worshipper of Vehumet
  3677 | D:5      | Found a sand-covered staircase.
  3719 | Ossuary  | Entered an ossuary
  3729 | Ossuary  | Reached skill level 5 in Stealth
  3754 | Ossuary  | Slain by a mummy

Action                   |  1- 3 |  4- 6 || total
-------------------------+-------+-------++-------
Melee: Dagger            |    31 |   140 ||   171
Throw: Javelin           |     5 |       ||     5
 Cast: Magic Dart        |    59 |    47 ||   106
       Dazzling Spray    |     2 |    36 ||    38
  Use: Scroll            |     7 |     3 ||    10
       Potion            |       |     1 ||     1
 Stab: Sleeping          |     2 |     5 ||     7
       Invisible         |       |     3 ||     3
  Eat: Chunk             |     1 |     9 ||    10
       Beef jerky        |       |     1 ||     1
